 Dungeon Crawl Stone Soup version 0.25.1-2-g60ff931df9 (webtiles) character file.

Game seed: 11433381775063229597

1113 Delamore the Basher (level 8, -3/49 HPs)
             Began as a Gargoyle Fighter on Oct 29, 2020.
             Was a Follower of Okawaru.
             Killed from afar by Harold (8 damage)
             ... with a harpoon shot
             ... on level 7 of the Dungeon.
             The game lasted 00:04:10 (4122 turns).

Delamore the Basher (Gargoyle Fighter)              Turns: 4122, Time: 00:04:10

Health: -3/49      AC: 13    Str: 22    XL:     8   Next: 33%
Magic:  8/8        EV:  7    Int:  9    God:    Okawaru [*.....]
Gold:   339        SH: 10    Dex:  9    Spells: 7/7 levels left

rFire    . . .     SeeInvis .   A - +1 flail (freeze)
rCold    . . .     Gourm    .   c - +0 kite shield
rNeg     + . .     Faith    .   b - +0 scale mail
rPois    ∞         Spirit   .   o - +0 helmet
rElec    +         Reflect  .   (no cloak)
rCorr    .         Harm     .   (no gloves)
MR       .....                  (no boots)
Stlth    ..........             k - amulet of the acrobat
HPRegen  0.16/turn              (no ring)
MPRegen  0.11/turn              (no ring)

@: marked
A: negative energy resistance 1, electricity resistance, unbreathing,
petrification resistance, rot immunity, AC +5
a: Heroism, Renounce Religion


You were on level 7 of the Dungeon.
You worshipped Okawaru.
Okawaru was aware of your devotion.
You were not hungry.

You visited 2 branches of the dungeon, and saw 6 of its levels.

You collected 339 gold pieces.

Inventory:

Hand Weapons
 a - a +0 flail
 u - a +2 flail of protection
 A - a +1 flail of freezing (weapon)
Armour
 b - a +0 scale mail (worn)
 c - a +0 kite shield (worn)
 o - a +0 helmet (worn)
Jewellery
 k - an amulet of the acrobat (around neck)
Scrolls
 h - 2 scrolls of immolation {unknown}
 j - 5 scrolls of identify {unknown}
 m - a scroll of magic mapping {unknown}
 n - a scroll of blinking {unknown}
 p - a scroll of random uselessness {unknown}
 r - 2 scrolls of remove curse {unknown}
 v - a scroll of teleportation {unknown}
 w - a scroll of amnesia {unknown}
 y - a scroll of fog {unknown}
 B - a scroll of noise {unknown}
Potions
 d - a potion of might
 e - 3 potions of curing {unknown}
 g - a potion of lignification {unknown}
 l - 3 potions of haste {unknown}
 q - 2 potions of degeneration {unknown}
 s - a potion of resistance {unknown}
 t - 4 potions of heal wounds {unknown}
 x - a potion of brilliance {unknown}
 z - a potion of stabbing {unknown}
Comestibles
 f - 11 rations


   Skills:
 - Level 5.0 Fighting
 + Level 8.5 Maces & Flails
 - Level 3.2 Armour
 - Level 5.0 Shields


You had 7 spell levels left.
You didn't know any spells.
Your spell library contained the following spells:

 Spells                   Type           Power        Failure   Level  Hunger
 Animate Skeleton         Necr           N/A          98%         1    ##.....
 Apportation              Tloc           #.....       98%         1    ##.....
 Beastly Appendage        Tmut           #.....       98%         1    ##.....
 Corona                   Hex            #......      98%         1    ##.....
 Summon Small Mammal      Summ           #...         98%         1    ##.....
 Sticks to Snakes         Tmut           #.......     99%         2    ###....
 Spider Form              Tmut/Pois      #.........   100%        3    ####...
 Ice Form                 Ice/Tmut       #.......     100%        4    #####..
 Blade Hands              Tmut           #.........   100%        5    ######.


Dungeon Overview and Level Annotations

Branches:
Dungeon (4/15)             Temple (1/1) D:4

Altars:
Ashenzari
Elyvilon
Fedhas
Gozag
Okawaru
Qazlal
Ru
Trog
Vehumet
Yredelemnul

Annotations:
D:7 Harold


Innate Abilities, Weirdness & Mutations

You are resistant to torment.
Your stone body is resilient. (AC +5)
You are immune to poison.
You resist negative energy. (rN+)
You are resistant to electric shocks. (rElec)
You can survive without breathing.
You are immune to petrification.
You are immune to rotting.


Message History

A bullfrog comes into view.
Harold throws a throwing net.
The throwing net barely misses you. Harold fires a harpoon shot at you.
The harpoon shot misses you.
You see here a throwing net.
Harold fires a harpoon shot at you. The harpoon shot hits you!
* * * LOW HITPOINT WARNING * * *
You are yanked forward by the harpoon shot.
You block Harold's attack.
Harold says, "I was hoping my final job would be more of a challenge, but money is money."
The bullfrog swells and bulges.
The bullfrog releases a deep croak.
Harold says, "Listen, it's nothing personal.
It's just a job."
Harold fires a harpoon shot at you. The harpoon shot misses you.
There is a stone staircase leading down here.
Harold fires a harpoon shot at you. The harpoon shot hits you!
You die...

######## #......#
#.####.# #.# #.#
#.####.###########
#######.................
#......@.............†..
#......#############.###
#......# #.....# #.#
#....@.###.###.# #.###
####.o.........# #....
#.#####.#############
#F#.....#.......[....
#o#.#####.#####......
#.#.#####.......##...


You could see Harold (strong), a bullfrog and 2 orcs.

Vanquished Creatures
  A sky beast (D:3)
  A necrophage (D:7)
  An ogre (D:4)
  A centaur (D:7)
  A bullfrog (D:7)
  A scorpion (D:7)
  A howler monkey (D:4)
  4 wights (D:7)
  2 crimson imps (D:7)
  2 bullfrog zombies (D:7)
  An orc priest (D:3)
  A hound (D:4)
  An orc wizard (D:7)
  A worker ant (D:2)
  A hound skeleton (D:7)
  7 adders
  A gnoll (D:1)
  3 shadow imps (D:7)
  An ooze (D:1)
  An adder skeleton (D:4)
  3 worms
  2 dart slugs
  2 leopard geckos
  16 orcs
  3 giant cockroaches
  11 goblins
  4 hobgoblins
  4 jackals (D:2)
  3 kobolds
  2 quokkas (D:7)
  A ball python (D:1)
  9 bats
  2 frilled lizards (D:2)
  6 rats
101 creatures vanquished.

Notes
Turn   | Place    | Note
-------+----------+-------------------------------------------
     0 | D:1      | Delamore the Gargoyle Fighter began the quest for the Orb.
     0 | D:1      | Reached XP level 1. HP: 14/14 MP: 1/1
    80 | D:1      | Reached XP level 2. HP: 18/19 MP: 2/2
   182 | D:1      | Reached XP level 3. HP: 24/24 MP: 3/3
   800 | D:2      | Reached XP level 4. HP: 26/29 MP: 4/4
   976 | D:2      | Reached skill level 3 in Maces & Flails
  1423 | D:2      | Reached XP level 5. HP: 28/34 MP: 5/5
  1934 | D:3      | Noticed a sky beast
  1950 | D:3      | Killed a sky beast
  1950 | D:3      | Reached XP level 6. HP: 31/40 MP: 6/6
  2092 | D:3      | Reached skill level 5 in Shields
  2103 | D:3      | Reached skill level 5 in Fighting
  2103 | D:3      | Reached skill level 4 in Maces & Flails
  2429 | D:3      | Found a blossoming altar of Fedhas.
  2558 | D:4      | Reached skill level 5 in Maces & Flails
  2904 | D:4      | Found an opulent altar of Gozag.
  3089 | D:4      | Reached XP level 7. HP: 44/44 MP: 7/7
  3175 | D:4      | Found a staircase to the Ecumenical Temple.
  3313 | Temple   | Entered the Ecumenical Temple
  3332 | Temple   | Became a worshipper of Warmaster Okawaru
  3408 | D:4      | You fall into a shaft and drop 3 floors!
  3472 | D:7      | Reached skill level 6 in Maces & Flails
  3726 | D:7      | Reached * piety under Okawaru
  3726 | D:7      | Reached skill level 7 in Maces & Flails
  3837 | D:7      | Reached XP level 8. HP: 49/49 MP: 8/8
  3958 | D:7      | Reached skill level 8 in Maces & Flails
  4077 | D:7      | Noticed Harold
  4122 | D:7      | Killed from afar by Harold

Illustrated notes

Levels and vault maps discovered:
D:1:      giann_bridges, layout_rooms
D:2:      layout_basic
D:3:      layout_loops_ring, fedhas_altar_1
D:4:      layout_rooms, nicolae_gozag_cash_rules_everything_around_me,
          minmay_temple_entry_nine_rooms, dk_noncrumbling_2
D:7:      layout_basic, uniq_harold
Temple:   compressed_dpeg_circular_temple

Skill      XL: |  1  2  3  4  5  6  7  8 |
---------------+-------------------------+-----
Fighting       | 4 5 |  5.0
Shields        | 4 5 |  5.0
Maces & Flails | 3 5 7 8 |  8.5
Armour         | |  3.2

Action                   |  1- 3 |  4- 6 |  7- 9 || total
-------------------------+-------+-------+-------++-------
Melee: Flail             |    91 |   189 |   152 ||   432
  Eat: Chunk             |       |     7 |     4 ||    11
Armor: Scale mail        |    37 |    84 |    59 ||   180
Dodge: Dodged            |    29 |    51 |    48 ||   128
Block: Kite shield       |    46 |    92 |    61 ||   199
